 Dungeon Crawl Stone Soup version 0.20.0-10-g0535bb4 (webtiles) character file.

49 MTVSty1e the Chopper (level 3, 0/22 HPs)
             Began as a Gargoyle Skald on June 3, 2017.
             Slain by bli's ghost (3 damage)
             ... on level 3 of the Dungeon.
             The game lasted 00:02:28 (2017 turns).

MTVSty1e the Chopper (Gargoyle Skald)               Turns: 2017, Time: 00:02:29

Health: 0/22       AC:  6    Str: 15    XL:     3   Next: 77%
Magic:  3/6        EV: 11    Int: 13    God:
Gold:   43         SH:  0    Dex:  9    Spells: 5/6 levels left

rFire    . . .     SeeInvis .   a - +0 hand axe
rCold    . . .     Gourm    .   (no shield)
rNeg     + . .     Faith    .   b - +0 leather armour
rPois    ∞         Spirit   .   (no helmet)
rElec    +         Reflect  .   (no cloak)
rCorr    .         Harm     .   (no gloves)
MR       .....                  (no boots)
Stlth    +.........             (no amulet)
Regen    0.1/turn               (no ring)
MPRegen  0.1/turn               (no ring)

@: infused
A: negative energy resistance 1, electricity resistance, unbreathing,
petrification resistance, rot immunity, AC +3
a: no special abilities


You were on level 3 of the Dungeon.
You were not hungry.

You visited 1 branch of the dungeon, and saw 3 of its levels.

You collected 43 gold pieces.

Inventory:

Hand Weapons
 a - a +0 hand axe (weapon)
Armour
 b - a +0 leather armour (worn)
Jewellery
 k - a +3 ring of strength {unknown}
Wands
 q - a wand of iceblast (8/15)
Scrolls
 f - 3 scrolls of recharging {unknown}
 g - 5 scrolls of immolation {unknown}
 h - a scroll of enchant armour {unknown}
 l - 3 scrolls of remove curse {unknown}
 r - a scroll of identify {unknown}
Potions
 e - a potion of degeneration {unknown}
 j - 3 potions of flight {unknown}
 m - a potion of mutation {unknown}
 n - a potion of invisibility {unknown}
 o - 2 potions of heal wounds {unknown}
 p - 2 potions of resistance {unknown}
Books
 c - a book of Battle

   Spells                             Type                      Level
   a - Infusion                       Charms                       1
   b - Shroud of Golubria             Charms/Translocation         2
   c - Song of Slaying                Charms                       2
   d - Spectral Weapon                Hexes/Charms                 3
   e - Regeneration                   Charms/Necromancy            3
Comestibles
 d - 3 bread rations
 i - 2 fruits
 s - a meat ration
 t - 2 royal jellies


   Skills:
 + Level 2.9 Fighting
 * Level 3.2 Axes
 - Level 1.1 Armour
 - Level 1.5 Dodging
 - Level 2.0 Spellcasting
 - Level 2.6 Charms


You had 5 spell levels left.
You knew the following spells:

 Your Spells              Type           Power        Failure   Level  Hunger
a - Infusion              Chrm           #...         11%         1    ##.....


Dungeon Overview and Level Annotations

Branches:
Dungeon (3/15)

Altars:
Gozag
Sif Muna

Annotations:
D:3 bli's ghost, amateur BaIE


Innate Abilities, Weirdness & Mutations

You are resistant to torment.
Your stone body is resilient. (AC +3)
You are immune to poison.
You resist negative energy. (rN+)
You are resistant to electric shocks. (rElec)
You can survive without breathing.
You are immune to petrification.
You are immune to rotting.


Message History

The adder is lightly wounded.
The adder barely misses you.
Bli's ghost keens inconsolably.
The adder misses you.
Sorry, you're not good enough to have a special ability.
Casting: Infusion
Confirm with . or Enter, or press ? or * to list all spells.
You begin infusing your attacks with magical energy.
The adder bites you but does no damage.
You miss bli's ghost. You barely miss the adder. Bli's ghost hits you.
The adder bites you but does no damage.
You hit bli's ghost.
Bli's ghost is lightly damaged.
You miss the adder. The adder closely misses you. Bli's ghost hits you.
The adder bites you. Bli's ghost hits you!
* * * LOW HITPOINT WARNING * * *
You barely miss bli's ghost.
Bli's ghost is lightly damaged.
You hit the adder. The adder closely misses you. Bli's ghost hits you.
You die...

......# ......# ...
......# ... ......# ####
... ......# #.. ... ...#
#.########.#
...#######..........#
................WS..####
................@.......
...#######..........####
...# #.......!..# ...#
#..........# ...#
#.........># .....
##.........# (....
#.........# .....
#...........
######......


You could see bli's ghost and an adder.

Vanquished Creatures
  3 worms
  2 dart slugs (D:1)
  A leopard gecko (D:1)
  3 orcs (D:3)
  2 goblins (D:1)
  4 hobgoblins (D:1)
  A ball python (D:1)
  3 bats
  3 frilled lizards
  5 kobolds
  9 rats
36 creatures vanquished.

Notes
Turn   | Place    | Note
-------+----------+-------------------------------------------
     0 | D:1      | MTVSty1e the Gargoyle Skald began the quest for the Orb.
     0 | D:1      | Reached XP level 1. HP: 12/12 MP: 3/3
    99 | D:1      | Reached skill level 2 in Axes
   416 | D:1      | Reached XP level 2. HP: 18/18 MP: 5/5
   735 | D:1      | Reached XP level 3. HP: 16/22 MP: 6/6
   925 | D:2      | Reached skill level 3 in Axes
   990 | D:2      | Found a faded altar of an unknown god.
  1183 | D:2      | Found an opulent altar of Gozag.
  1183 | D:2      | Found a deep blue altar of Sif Muna.
  2010 | D:3      | Noticed bli's ghost (amateur BaIE)
  2017 | D:3      | Slain by bli's ghost

Skill      XL: |  1  2  3 |
---------------+----------+-----
Axes           | 2 3 |  3.2
Fighting       | |  2.9
Armour         | |  1.1
Dodging        | |  1.5
Spellcasting   | |  2.0
Charms         | |  2.6

Action                   || total
-------------------------++-------
Melee: Hand axe          ||   130
 Cast: Infusion          ||     1
  Eat: Meat ration       ||     1
Armor: Leather armour    ||    40
Dodge: Dodged            ||    63
